 Dungeon Crawl Stone Soup version 0.22-a0-409-gb855193 (webtiles) character file.

248 Borgoz the Covered (level 6, 0/39 HPs)
             Began as a Gargoyle Fighter on May 10, 2018.
             Slain by a gnoll
             ... wielding a +0 club
              (3 damage)
             ... on level 4 of the Dungeon.
             The game lasted 00:04:36 (3296 turns).

Borgoz the Covered (Gargoyle Fighter)               Turns: 3296, Time: 00:04:37

Health: 0/39       AC: 11    Str: 25    XL:     6   Next: 12%
Magic:  6/6        EV:  9    Int:  8    God:
Gold:   138        SH: 10    Dex: 11    Spells: 5/5 levels left

rFire    + . .     SeeInvis .   a - +0 war axe
rCold    . . .     Gourm    .   c - +0 shield
rNeg     + . .     Faith    .   b - +0 scale mail
rPois    ∞         Spirit   .   (no helmet)
rElec    +         Reflect  .   (no cloak)
rCorr    .         Harm     .   (no gloves)
MR       .....                  (no boots)
Stlth    ..........             (no amulet)
HPRegen  0.13/turn              q - ring of protection from fire
MPRegen  0.10/turn              d - +2 ring of evasion

@: mighty
A: negative energy resistance 1, electricity resistance, unbreathing,
petrification resistance, rot immunity, AC +4
a: no special abilities


You were on level 4 of the Dungeon.
You were hungry.

You visited 1 branch of the dungeon, and saw 4 of its levels.

You collected 138 gold pieces.

Inventory:

Hand Weapons
 a - a +0 war axe (weapon)
Armour
 b - a +0 scale mail (worn)
 c - a +0 shield (worn)
Jewellery
 d - a +2 ring of evasion (right hand)
 q - a ring of protection from fire (left hand)
 u - an uncursed ring of wizardry
 w - an uncursed ring of positive energy
 y - the ring "Kaoz" {rPois rN+}
   (You found it on level 4 of the Dungeon)

   [ring of positive energy]

   It protects you from poison.
   It protects you from negative energy.
Wands
 s - a wand of acid (10)
 v - a wand of iceblast (12)
Scrolls
 g - 2 scrolls of random uselessness {unknown}
 h - 2 scrolls of remove curse {unknown}
 i - a scroll of fear {unknown}
 j - a scroll of enchant weapon {unknown}
 k - 9 scrolls of identify {unknown}
 m - 2 scrolls of teleportation {unknown}
 p - a scroll of fog {unknown}
 r - a scroll of immolation {unknown}
Potions
 e - a potion of curing {unknown}
 l - 2 potions of lignification {unknown}
 n - 3 potions of degeneration {unknown}
 t - a potion of brilliance {unknown}
 x - a potion of heal wounds {unknown}
Comestibles
 f - 4 rations


   Skills:
 + Level 4.3 Fighting
 * Level 3.8 Axes
 + Level 4.3 Armour
 + Level 4.3 Shields


You had 5 spell levels left.
You didn't know any spells.

Dungeon Overview and Level Annotations

Branches:
Dungeon (4/15)
 Temple: D:4-7

Altars:


Innate Abilities, Weirdness & Mutations

You are resistant to torment.
Your stone body is resilient. (AC +4)
You are immune to poison.
You resist negative energy. (rN+)
You are resistant to electric shocks. (rElec)
You can survive without breathing.
You are immune to petrification.
You are immune to rotting.


Message History

The gnoll closely misses you.
Unknown command.
You slash the gnoll!
You kill the gnoll!
You completely miss the gnoll. The gnoll hits you but does no damage.
You block the gnoll's attack. The gnoll hits you with a club.
* * * LOW HITPOINT WARNING * * *
The gnoll barely misses you.
You see here a spear.
Unknown command.
You slash the gnoll!
The gnoll is almost dead.
Your shield prevents you from hitting the gnoll.
The gnoll closely misses you. The gnoll barely misses you.
You closely miss the gnoll.
The gnoll is almost dead.
You closely miss the gnoll. The gnoll closely misses you.
You block the gnoll's attack. The gnoll hits you with a club.
You die...

###### #####....##
.## ###.........##
..# .............##
#..#
..............### ..#
..........##(...##..#
.######...###.......#
## ##...###†.....#
##..# ##g@...# .#...
#..g..# .
...........# #
#.............
#.............
#........##...
.......#### #..
......# #.


You could see 2 gnolls.

Vanquished Creatures
  2 orc priests (D:3)
  A worker ant (D:4)
  A hound skeleton (D:3)
  5 gnolls
  3 adders
  A worm (D:3)
  4 leopard geckos
  4 orcs (D:3)
  A ball python (D:2)
  4 giant cockroaches
  7 goblins
  6 hobgoblins
  11 jackals
  5 kobolds
  3 bats
  6 frilled lizards
  7 rats
71 creatures vanquished.

Notes
Turn   | Place    | Note
-------+----------+-------------------------------------------
     0 | D:1      | Borgoz the Gargoyle Fighter began the quest for the Orb.
     0 | D:1      | Reached XP level 1. HP: 14/14 MP: 1/1
   251 | D:1      | Reached XP level 2. HP: 17/19 MP: 2/2
   522 | D:1      | Reached XP level 3. HP: 15/23 MP: 3/3
  1216 | D:2      | Reached XP level 4. HP: 22/29 MP: 4/4
  2105 | D:3      | Reached XP level 5. HP: 33/33 MP: 5/5
  3173 | D:4      | Got a heavily runed tin ring
  3179 | D:4      | Identified the ring "Kaoz" {rPois rN+} (You found it on level 4 of the Dungeon)
  3289 | D:4      | Reached XP level 6. HP: 38/38 MP: 6/6
  3296 | D:4      | Slain by a gnoll

Vault maps used:
D:1:      lightli_arrival_statue_moat
D:2:      hangedman_decor_diamond_cutter
D:4:      uniq_ijyb

Skill      XL: |  1  2  3  4  5 |
---------------+----------------+-----
Axes           | 2 3 |  3.8
Armour         | 4 |  4.3
Shields        | 4 |  4.3
Fighting       | 4 |  4.3

Action                   |  1- 3 |  4- 6 || total
-------------------------+-------+-------++-------
Melee: War axe           |   158 |    86 ||   244
  Use: Potion            |       |     2 ||     2
  Eat: Chunk             |     1 |     6 ||     7
Armor: Scale mail        |    82 |    59 ||   141
Dodge: Dodged            |    59 |    39 ||    98
Block: Shield            |   113 |    44 ||   157

Table legend:
 A = Spawn XP
 B = Non-spawn XP
 C = Spawn XP percentage of total XP
 D = Spawn monster count
 E = Non-spawn monster count
 F = Spawn count percentage of total count
 G = Total turns spent on level
                    A         B        C        D         E        F      G
               +---------+---------+-------+---------+---------+-------+---------
         Total |       0 |     355 |   0.0 |       0 |      71 |   0.0 |  3296
               +---------+---------+-------+---------+---------+-------+---------
           D:1 |       0 |      38 |   0.0 |       0 |      22 |   0.0 |   928
           D:2 |       0 |     108 |   0.0 |       0 |      27 |   0.0 |  1035
           D:3 |       0 |     148 |   0.0 |       0 |      19 |   0.0 |  1152
           D:4 |       0 |      61 |   0.0 |       0 |       3 |   0.0 |   181
               +---------+---------+-------+---------+---------+-------+---------
